 Dungeon Crawl Stone Soup version 0.31-a0-183-g4352c244c2 (webtiles) character file.

Game seed: 10473995715468975791

241023 MacCMillion the Gnoll Aeon (level 19, -9/136 (150) HPs)
             Began as a Gnoll Ice Elementalist on June 21, 2023.
             Was the Champion of Cheibriados.
             Shot with an arrow by a centaur warrior (10 damage)
             ... in a wizard's laboratory on June 22, 2023.
             The game lasted 02:35:09 (53063 turns).

MacCMillion the Gnoll Aeon (GnIE)                  Turns: 53063, Time: 02:35:09

HP:   -9/136 (150)  AC: 27    Str: 25    XL:     19   Next: 34%
MP:   40/46         EV: 19    Int: 39    God:    Cheibriados [******]
Gold: 3692          SH:  0    Dex: 28    Spells: 15/46 levels left

rFire   + . .        m - staff of cold
rCold   + + .        (no shield)
rNeg    . . .        l - +0 plate armour of Somewhere Else {Will++ MP+9 Int+4}
rPois   .            O - +0 helmet
rElec   .            N - scarf {rC+ rF+}
rCorr   .            C - +2 pair of gloves
SInv    .            j - +1 pair of boots
Will    +++..        x - amulet of magic regeneration
Stlth   ++           F - ring of flight
HPRegen 0.42/turn    c - +4 ring of protection
MPRegen 0.70/turn

%: no passive effects
@: flying, drained, very slow
A: fangs 1, strong nose, distributed training
}: 2/15 runes: serpentine, barnacled
a: Renounce Religion, Bend Time, Temporal Distortion, Slouch, Step From Time


You were in a wizard's laboratory.
You worshipped Cheibriados.
Cheibriados was exalted by your worship.
You visited 7 branches of the dungeon, and saw 32 of its levels.
You also visited: Wizlab.

You collected 3692 gold pieces.

Inventory:

Missiles
 E - 5 throwing nets
 R - 10 silver javelins
 Y - 10 javelins (quivered)
Armour
 j - a +1 pair of boots (worn)
 l - the +0 plate armour of Somewhere Else (worn) {Will++ MP+9 Int+4}
   (You found it on level 5 of the Lair of Beasts)

   Int:       It affects your intelligence (+4).
   MP:        It affects your magic capacity (+9).
   Will:      It greatly increases your willpower.
 C - a +2 pair of gloves (worn)
 N - a scarf of resistance (worn)
 O - a +0 helmet (worn)
 V - +0 acid dragon scales
Magical Staves
 m - a staff of cold (weapon)
Jewellery
 c - a +4 ring of protection (right hand)
 g - a +6 ring of strength
 p - a ring of poison resistance
 x - an amulet of magic regeneration (around neck)
 z - a ring of magical power
 F - a ring of flight (left hand)
 K - a ring of protection from fire
 T - a ring of ice
Wands
 a - a wand of acid (17)
 v - a wand of roots (32)
 P - a wand of digging (9)
 S - a wand of charming (36)
 X - a wand of mindburst (29)
Scrolls
 d - 2 scrolls of poison
 h - 7 scrolls of vulnerability
 n - 6 scrolls of revelation
 q - 8 scrolls of teleportation
 r - 2 scrolls of silence
 t - 6 scrolls of fog
 w - 4 scrolls of enchant armour
 D - 3 scrolls of torment
 H - 5 scrolls of immolation
 J - 2 scrolls of butterflies
 L - 7 scrolls of enchant weapon
 Q - 3 scrolls of fear
 W - 8 scrolls of blinking
Potions
 b - 4 potions of magic
 e - 2 potions of brilliance
 f - 9 potions of curing
 i - 2 potions of mutation
 k - 8 potions of heal wounds
 o - 4 potions of berserk rage
 s - 4 potions of lignification
 u - a potion of invisibility
 A - a potion of ambrosia
 B - 2 potions of resistance
 G - 5 potions of attraction
 U - 3 potions of might
 Z - 4 potions of enlightenment
Miscellaneous
 y - a lightning rod (4/4)
 I - a condenser vane
 M - a phantom mirror


   Skills:
 + Level 13.4 Fighting
 + Level 13.4 Short Blades
 + Level 13.4 Long Blades
 + Level 13.4 Axes
 + Level 13.4 Maces & Flails
 + Level 13.4 Polearms
 + Level 13.4 Staves
 + Level 13.4 Ranged Weapons
 + Level 13.4 Throwing
 + Level 13.4 Armour
 + Level 14.1 Dodging
 + Level 14.0 Stealth
 + Level 13.4 Shields
 + Level 13.4 Unarmed Combat
 + Level 14.3 Spellcasting
 + Level 11.4 Conjurations
 + Level 11.4 Hexes
 + Level 11.4 Summonings
 + Level 11.4 Necromancy
 + Level 11.4 Translocations
 + Level 11.4 Transmutations
 + Level 11.4 Fire Magic
 + Level 13.3 Ice Magic
 + Level 11.4 Air Magic
 + Level 11.4 Earth Magic
 + Level 11.4 Poison Magic
 + Level 14.6 Invocations
 + Level 13.4 Evocations


You had 15 spell levels left.
You knew the following spells:

 Your Spells              Type           Power      Damage    Failure   Level
a - Olgreb's Toxic Radia  Pois           87%        N/A       1%          4
b - Ignite Poison         Fire/Tmut/Pois 87%        N/A       1%          3
c - Ozocubu's Armour      Ice            100%       N/A       1%          3
d - Freeze                Ice            100%       1d10      1%          1
e - Summon Lightning Spi  Summ/Air       87%        N/A       1%          4
g - Irradiate             Conj/Tmut      43%        3d26      2%          5
h - Alistair's Intoxicat  Tmut/Pois      58%        N/A       2%          5
i - Plasma Beam           Fire/Air       43%        2x1d57    14%         6

Your spell library contained the following spells:

 Spells                   Type           Power      Damage    Failure   Level
 Apportation              Tloc           100%       N/A       1%          1
 Foxfire                  Conj/Fire      100%       2x1d9     1%          1
 Kiss of Death            Conj/Necr      100%       2d13      1%          1
 Magic Dart               Conj           100%       1d8       1%          1
 Slow                     Hex            100%       N/A       1%          1
 Sting                    Tmut/Pois      100%       1d8       1%          1
 Call Imp                 Summ           100%       N/A       1%          2
 Cigotuvi's Dreadful Rot  Necr/Pois/Air  100%       N/A       1%          2
 Poisonous Vapours        Pois/Air       100%       N/A       1%          2
 Searing Ray              Conj           100%       2d8       1%          2
 Static Discharge         Conj/Air       100%       2-7/arc   1%          2
 Confusing Touch          Hex            87%        N/A       1%          3
 Dazzling Flash           Conj/Hex       100%       N/A       1%          3
 Frozen Ramparts          Ice            100%       1d16      1%          3
 Hailstorm                Conj/Ice       100%       3d20      1%          3
 Inner Flame              Hex/Fire       87%        N/A       1%          3
 Mephitic Cloud           Conj/Pois/Air  87%        N/A       1%          3
 Stone Arrow              Conj/Erth      100%       3d13      1%          3
 Vampiric Draining        Necr           87%        2d12      1%          3
 Volatile Blastmotes      Fire/Tloc      100%       2d18      1%          3
 Airstrike                Air            43%        2d(7-23)  1%          4
 Animate Armour           Summ/Erth      100%       N/A       1%          4
 Dispel Undead            Necr           87%        3d28      1%          4
 Flame Wave               Conj/Fire      87%        2d19      1%          4
 Fulminant Prism          Conj/Hex       43%        3d19      1%          4
 Ice Form                 Ice/Tmut       100%       N/A       1%          4
 Iskenderun's Mystic Bla  Conj/Tloc      87%        2d17      1%          4
 Passage of Golubria      Tloc           87%        N/A       1%          4
 Sticky Flame             Conj/Fire      87%        2d10      1%          4
 Summon Ice Beast         Ice/Summ       100%       N/A       1%          4
 Metabolic Englaciation   Hex/Ice        56%        N/A       1%          5
 Fireball                 Conj/Fire      43%        3d17      2%          5
 Lee's Rapid Deconstruct  Erth           43%        3d21*     2%          5
 Silence                  Hex/Air        43%        N/A       2%          5
 Yara's Violent Unravell  Hex/Tmut       43%        3d17      2%          5
 Simulacrum               Ice/Necr       56%        N/A       10%         6
 Death Channel            Necr           43%        N/A       14%         6
 Starburst                Conj/Fire      43%        6d12      14%         6
 Enfeeble                 Hex            43%        N/A       58%         7
 Lehudib's Crystal Spear  Conj/Erth      43%        10d11     99%         8


Dungeon Overview and Level Annotations

Branches:
Dungeon (15/15)            Temple (1/1) D:5            Lair (5/5) D:11
 Shoals (4/4) Lair:2        Snake (4/4) Lair:3        Slime (0/5) Lair:5
    Orc (2/2) D:9             Elf (1/3) Orc:2        Vaults (0/5) D:13
 Depths (0/4) D:15         WizLab (1/1)

Altars:
Ashenzari
Cheibriados
Dithmenos
Elyvilon
Fedhas
Gozag
Hepliaklqana
Kikubaaqudgha
Makhleb
Nemelex Xobeh
Okawaru
Qazlal
Ru
Sif Muna
Trog
Uskayaw
Vehumet
Wu Jian
Xom
Yredelemnul
Zin
The Shining One
Jiyva
Lugonu

Shops:
Orc:1 ![   Orc:2 (*=(   Snake:4 ?

Annotations:
D:4 exclusion: lemure
D:5 exclusion: oklob plant
D:6 3 runed translucent doors, Eddy6969's ghost, novice OgFE; Ijustatesigmund's ghost, novice OpVM; mmBingo's ghost, novice HuGl; pornopis's ghost, novice BaHu
D:14 Roxanne
Lair:2 1 runed translucent door, philipeq's ghost, journeyman DsFi
Snake:2 2 transporters, grizmgrazm2's ghost, adept AtWr


Innate Abilities, Weirdness & Mutations

You have very sharp teeth.
Your uncanny sense of smell can sniff out nearby items.
Your experience applies equally to all skills.


Message History

Your lightning spire shoots out a bolt of lightning at the yaktaur!
The bolt of electricity hits the yaktaur!!
The yaktaur shoots a bolt.
The bolt hits your lightning spire.
Casting: Ignite Poison (safe; 1% risk of failure)
Confirm with . or Enter, or press ? or * to list all spells.
You begin to radiate toxic energy.
Your lightning spire shoots out a bolt of lightning at the naga sharpshooter!
The bolt of electricity hits the naga sharpshooter!!
Found a staff of cold.
You kill the yaktaur!
Cheibriados thoroughly appreciates the change of pace.
The naga sharpshooter shoots an arrow.
The arrow hits your lightning spire but does no damage.
The naga sharpshooter mumbles some strange words.
The naga sharpshooter magically shoots an arrow.
The arrow hits you!
* * * LOW HITPOINT WARNING * * *
You feel drained.
* * * LOW HITPOINT WARNING * * *
Your lightning spire shoots out a bolt of lightning at the naga sharpshooter!
The bolt of electricity hits the naga sharpshooter!!
Your toxic aura wanes.
Your lightning spire shoots out a bolt of lightning at the naga sharpshooter!
The bolt of electricity hits the naga sharpshooter!!
The naga sharpshooter shoots an arrow.
The arrow hits your lightning spire!
Your lightning spire shoots out a bolt of lightning at the naga sharpshooter!
The bolt of electricity hits the naga sharpshooter!!
The naga sharpshooter dies!
Cheibriados appreciates the change of pace.
You start resting.
Your lightning spire disappears in a puff of smoke!
A centaur warrior comes into view. It is wielding a staff of poison.
A faun comes into view. It is wielding a +0 club.
The faun moves out of view.
There is a fountain of clear blue water here.
The centaur warrior wields a +0 orcbow.
The centaur warrior shoots an arrow.
The arrow hits you!!
* * * LOW HITPOINT WARNING * * *
The centaur warrior shoots an arrow.
The arrow hits you!
You die...

♣♣ ♣|♣!♣♣ ♣.. .....♣♣ ♣..♣ .....♣
.P).♣ .... .....♣♣♣♣♣##∩##♣ ♣♣♣
......).♣#.....#♣...
♣...).)............
...♣...♣...⌠.).♣..c ♣♣♣♣♣♣@....♣♣
♣♣♣♣♣♣♣♣⌠.⌠♣♣♣♣♣♣♣♣♣♣
♣♣♣♣♣..........).....)...)♣♣♣♣
♣♣♣♣.............c.........[..)..
♣.....♣♣♣♣♣♣♣♣♣♣♣♣.♣♣♣♣♣♣♣♣♣♣♣♣..
.....♣♣♣♣♣♣ ♣♣♣.......♣♣♣ ♣♣♣♣♣♣.
..♣♣......♣♣♣...8...8...♣♣♣......
.♣♣♣)............∩.∩.............
..♣♣.).♣♣♣......8...8......♣♣♣...


You could see a centaur warrior.

Vanquished Creatures
  Saint Roka (Snake:3)
  A titan (Shoals:4)
  Polyphemus (Shoals:4)
  A thorn hunter (WizLab)
  Donald (Shoals:1)
  2 nagarajas (Snake:4)
  Ilsuiw (Shoals:3)
  Louise (Shoals:4)
  A stone giant (Orc:2)
  5 merfolk javelineers
  7 merfolk impalers
  2 spectral krakens (Shoals:3)
  Josephine (D:11)
  3 ogre magi
  2 salamander tyrants (Snake:3)
  3 ghost crabs (Shoals:3)
  A vault guard (D:13)
  A catoblepas (Shoals:4)
  4 hydras
  6 anacondas (Snake:2)
  A spriggan skeleton (D:15)
  A dancing weapon (Elf:1)
  12 centaur warriors
  6 boulder beetles
  13 two-headed ogres
  3 satyrs
  3 merfolk aquamancers
  8 naga warriors
  A tengu warrior (D:13)
  6 death yaks
  Sonja (Orc:2)
  5 shock serpents
  3 naga sharpshooters
  An iron troll (Orc:2)
  3 skysharks
  A salamander mystic (Snake:4)
  A deep troll (Orc:2)
  9 skeletal warriors
  A spark wasp zombie (D:15)
  12 sea snakes
  3 naga ritualists (Snake:4)
  3 deep elf archers (WizLab)
  2 necromancers
  3 deep elf pyromancers
  A wizard (D:13)
  3 mana vipers
  An orc knight (Orc:1)
  A phantasmal warrior (D:15)
  An orc sorcerer (Orc:1)
  A wolf spider (Lair:5)
  An oklob plant (WizLab)
  17 harpies
  4 ugly things
  2 deep elf zephyrmancers (Elf:1)
  7 salamanders
  6 cyclopes
  19 manticores
  A fire giant zombie (D:15)
  16 fauns
  2 elephants (Lair:3)
  6 naga magi
  25 black mambas
  7 merfolk sirens
  10 water nymphs
  A guardian serpent (Lair:5)
  15 cane toads
  A gargoyle (D:12)
  10 komodo dragons
  2 spectral sea snakes (Shoals:3)
  A kobold demonologist (D:11)
  A yaktaur (WizLab)
  An efreet (D:14)
  A rime drake (Lair:4)
  A torpor snail (Lair:5)
  A guardian mummy (D:15)
  32 merfolk
  12 trolls
  6 hornets
  6 wind drakes
  A wind drake (shapeshifter) (D:14)
  6 polar bears
  A spectral merfolk (Shoals:3)
  2 raiju (Lair:5)
  5 snapping turtles
  6 blink frogs
  A spriggan zombie (D:15)
  3 dream sheep (Shoals:1)
  A spectral manticore (Shoals:3)
  3 air elementals (Shoals:4)
  15 water elementals
  31 yaks
  12 wyverns
  4 wraiths (D:11)
  5 basilisks
  10 humans (D:13)
  A redback (Lair:5)
  2 steam dragons (D:7)
  Eustachio (D:6)
  8 wargs
  11 nagas
  7 vampire mosquitoes
  An acid dragon (D:11)
  A harpy simulacrum (D:15)
  8 hell hounds (Lair:5)
  22 water moccasins
  2 sky beasts
  2 ice beasts
  12 orc warriors
  6 black bears
  26 ogres
  12 centaurs
  8 wolves (Lair:5)
  2 phantoms
  A kobold brigand (D:7)
  13 bullfrogs
  2 gnoll sergeants
  7 scorpions
  6 wights
  3 killer bees (D:10)
  2 oklob saplings (D:9)
  5 howler monkeys
  An electric eel (Lair:2)
  6 hounds
  2 jellies
  7 orc priests
  A gnoll bouda (D:7)
  Ijyb (D:4)
  An iguana (D:5)
  9 orc wizards
  15 gnolls
  10 adders
  2 shadow imps (D:5)
  A white imp (D:7)
  2 ufetubi
  4 worms
  2 dart slugs
  31 orcs
  6 endoplasms
  4 giant cockroaches
  5 goblins
  9 hobgoblins
  14 ball pythons
  7 bats
  5 frilled lizards
  9 kobolds
  7 rats
  A tentacle (Shoals:3)
808 creatures vanquished.

Vanquished Creatures (collateral kills)
  A fenstrider witch (WizLab)
  A nagaraja (Snake:4)
  Aizul (Shoals:4)
  6 merfolk impalers
  A catoblepas (D:14)
  An alligator snapping turtle (Shoals:2)
  2 merfolk aquamancers
  6 naga warriors
  A death yak (Shoals:4)
  5 naga sharpshooters
  4 salamander mystics
  A skyshark (Shoals:2)
  2 skeletal warriors (D:13)
  4 naga ritualists
  A necromancer (D:13)
  7 harpies
  2 mana vipers
  2 deep elf pyromancers
  A salamander (Snake:1)
  3 manticores
  2 ugly things (D:14)
  A cyclops (D:12)
  18 black mambas
  A cane toad (Lair:5)
  11 naga magi
  A guardian serpent (Snake:3)
  An elephant (Lair:3)
  2 torpor snails
  2 spectral merfolk (Shoals:3)
  A troll (D:12)
  A spectral harpy (Shoals:3)
  5 merfolk
  A hornet (Lair:5)
  4 polar bears (Lair:5)
  A wind drake (Shoals:1)
  4 blink frogs
  2 dream sheep (Shoals:3)
  2 spectral manticores (Shoals:3)
  A snapping turtle (Shoals:4)
  A spectral wind drake (Shoals:3)
  8 yaks
  4 water elementals
  A shadow (D:12)
  3 wraiths
  2 wyverns (Lair:5)
  10 humans (D:13)
  A golden eye (shapeshifter) (D:13)
  A redback (Lair:5)
  3 vampire mosquitoes
  12 nagas
  3 wargs
  5 hell hounds (Lair:5)
  A water moccasin (Lair:5)
  6 black bears (Lair:5)
  An ogre (Orc:2)
  4 centaurs
  5 wolves (Lair:5)
  An orc (Snake:3)
185 creatures vanquished.

Vanquished Creatures (others)
  11 tentacles (Shoals:3)
11 creatures vanquished.

Grand Total: 1004 creatures vanquished

Notes
Turn   | Place    | Note
-------+----------+-------------------------------------------
     0 | D:1      | MacCMillion the Gnoll Ice Elementalist began the quest for
                  | the Orb.
     0 | D:1      | Reached XP level 1. HP: 13/13 MP: 6/6
    99 | D:1      | Reached XP level 2. HP: 19/19 MP: 0/7
   294 | D:1      | Found a faded altar of an unknown god.
   851 | D:2      | Reached skill level 5 in Spellcasting
   851 | D:2      | Reached XP level 3. HP: 25/25 MP: 3/9
  1107 | D:2      | Reached skill level 1 in Invocations
  1243 | D:2      | Learned a level 3 spell: Frozen Ramparts
  1247 | D:2      | Learned a level 3 spell: Ozocubu's Armour
  1335 | D:2      | Reached skill level 1 in Fighting
  1335 | D:2      | Reached skill level 1 in Short Blades
  1335 | D:2      | Reached skill level 1 in Long Blades
  1335 | D:2      | Reached skill level 1 in Axes
  1335 | D:2      | Reached skill level 1 in Maces & Flails
  1335 | D:2      | Reached skill level 1 in Polearms
  1335 | D:2      | Reached skill level 1 in Staves
  1335 | D:2      | Reached skill level 1 in Ranged Weapons
  1335 | D:2      | Reached skill level 1 in Throwing
  1335 | D:2      | Reached skill level 1 in Armour
  1335 | D:2      | Reached skill level 1 in Shields
  1335 | D:2      | Reached skill level 1 in Unarmed Combat
  1335 | D:2      | Reached skill level 1 in Evocations
  1943 | D:3      | Reached XP level 4. HP: 32/32 MP: 7/11
  2330 | D:3      | Found an ornate altar of the Wu Jian Council.
  2512 | D:3      | Reached skill level 1 in Conjurations
  2512 | D:3      | Reached skill level 1 in Hexes
  2512 | D:3      | Reached skill level 1 in Summonings
  2512 | D:3      | Reached skill level 1 in Necromancy
  2512 | D:3      | Reached skill level 1 in Translocations
  2512 | D:3      | Reached skill level 1 in Transmutations
  2512 | D:3      | Reached skill level 1 in Fire Magic
  2512 | D:3      | Reached skill level 1 in Air Magic
  2512 | D:3      | Reached skill level 1 in Earth Magic
  2512 | D:3      | Reached skill level 1 in Poison Magic
  2790 | D:4      | Noticed Ijyb
  2803 | D:4      | Killed Ijyb
  2804 | D:4      | Reached XP level 5. HP: 19/37 MP: 8/12
  2933 | D:4      | Found a hide-covered altar of Uskayaw.
  2933 | D:4      | Noticed a +0 short sword
  2933 | D:4      | Noticed a +0 short sword
  2933 | D:4      | Noticed a +0 falchion
  2934 | D:4      | Noticed a +0 falchion
  2934 | D:4      | Noticed a +0 spear
  2935 | D:4      | Noticed a +0 dagger
  2936 | D:4      | Noticed a +0 spear
  2937 | D:4      | Noticed a +0 dagger
  2945 | D:4      | Noticed a phantom
  2970 | D:4      | Killed a phantom
  3113 | D:4      | Reached XP level 6. HP: 40/44 MP: 10/14
  3230 | D:4      | Noticed a moth of wrath
  3233 | D:4      | Found a bloodstained altar of Trog.
  3727 | D:4      | Reached skill level 5 in Dodging
  4030 | D:5      | Entered Level 5 of the Dungeon
  4203 | D:5      | Noticed an ice beast
  4241 | D:5      | Killed an ice beast
  4386 | D:5      | Reached XP level 7. HP: 40/51 MP: 11/15
  4436 | D:5      | Found a staircase to the Ecumenical Temple.
  4443 | Temple   | Entered the Ecumenical Temple
  4808 | D:5      | Found a shimmering blue altar of Sif Muna.
  4903 | D:5      | Reached skill level 5 in Stealth
  5254 | D:5      | Found a blossoming altar of Fedhas.
  5274 | D:5      | Noticed an oklob plant
  5634 | D:6      | Noticed Eddy6969's ghost (novice OgFE)
  5634 | D:6      | Noticed pornopis's ghost (novice BaHu)
  5634 | D:6      | Found a runed translucent gate.
  5634 | D:6      | Found a runed translucent gate.
  5634 | D:6      | Found a runed translucent gate.
  5635 | D:6      | Noticed mmBingo's ghost (novice HuGl)
  5636 | D:6      | Noticed Ijustatesigmund's ghost (novice OpVM)
  5688 | D:6      | Reached XP level 8. HP: 58/58 MP: 12/16
  6181 | D:6      | Noticed Eustachio
  6189 | D:6      | Killed Eustachio
  6553 | D:6      | Noticed a yak
  6562 | D:6      | Killed a yak
  6799 | D:7      | Reached XP level 9. HP: 58/65 MP: 11/18
  7524 | D:7      | Noticed a hornet
  7565 | D:7      | Paralysed by a hornet for 2 turns
  7566 | D:7      | Killed a hornet
  8007 | D:7      | Reached skill level 5 in Invocations
  8763 | D:8      | Reached skill level 5 in Fighting
  8763 | D:8      | Reached skill level 5 in Short Blades
  8763 | D:8      | Reached skill level 5 in Long Blades
  8763 | D:8      | Reached skill level 5 in Axes
  8763 | D:8      | Reached skill level 5 in Maces & Flails
  8763 | D:8      | Reached skill level 5 in Polearms
  8763 | D:8      | Reached skill level 5 in Staves
  8763 | D:8      | Reached skill level 5 in Ranged Weapons
  8763 | D:8      | Reached skill level 5 in Throwing
  8763 | D:8      | Reached skill level 5 in Armour
  8763 | D:8      | Reached skill level 5 in Shields
  8763 | D:8      | Reached skill level 5 in Unarmed Combat
  8763 | D:8      | Reached skill level 5 in Evocations
  8763 | D:8      | Reached XP level 10. HP: 49/74 MP: 15/20
  9184 | D:8      | Found a radiant altar of Vehumet.
 10212 | D:9      | Found a staircase to the Orcish Mines.
 10220 | D:9      | Found a shadowy altar of Dithmenos.
 10227 | D:9      | Found a white marble altar of Elyvilon.
 10228 | D:9      | Found a glowing silver altar of Zin.
 10230 | D:9      | Found a broken altar of Ashenzari.
 11334 | D:9      | Got the Parchment of Xenomorphic Venom
 11441 | D:10     | Entered Level 10 of the Dungeon
 11547 | D:10     | Noticed a two-headed ogre
 11557 | D:10     | Killed a two-headed ogre
 12000 | D:10     | Found a stormy altar of Qazlal.
 12003 | D:10     | Found an opulent altar of Gozag.
 12009 | D:10     | Found a basalt altar of Yredelemnul.
 12012 | D:10     | Found a snail-covered altar of Cheibriados.
 12018 | D:10     | Found a burning altar of Makhleb.
 12025 | D:10     | Became a worshipper of Cheibriados the Contemplative
 12054 | D:10     | Found a sacrificial altar of Ru.
 12673 | D:11     | Noticed a kobold demonologist
 12685 | D:11     | Killed a kobold demonologist
 12930 | D:11     | Reached skill level 5 in Conjurations
 12930 | D:11     | Reached skill level 5 in Hexes
 12930 | D:11     | Reached skill level 5 in Summonings
 12930 | D:11     | Reached skill level 5 in Necromancy
 12930 | D:11     | Reached skill level 5 in Translocations
 12930 | D:11     | Reached skill level 5 in Transmutations
 12930 | D:11     | Reached skill level 5 in Fire Magic
 12930 | D:11     | Reached skill level 5 in Air Magic
 12930 | D:11     | Reached skill level 5 in Earth Magic
 12930 | D:11     | Reached skill level 5 in Poison Magic
 12967 | D:11     | Noticed a boulder beetle
 12994 | D:11     | Killed a boulder beetle
 12995 | D:11     | Reached XP level 11. HP: 55/81 MP: 14/23
 13204 | D:11     | Noticed a cyan ugly thing
 13217 | D:11     | Killed a cyan ugly thing
 13474 | D:11     | Found a staircase to the Lair.
 13601 | D:11     | Noticed a purple ugly thing
 13612 | D:11     | Killed a purple ugly thing
 13767 | D:11     | Noticed Josephine
 13779 | D:11     | Killed Josephine
 14533 | Lair:1   | Entered Level 1 of the Lair of Beasts
 14667 | Lair:1   | Reached * piety under Cheibriados
 15289 | Lair:1   | Reached XP level 12. HP: 87/91 MP: 17/24
 15328 | Lair:1   | Noticed a death yak
 15928 | Lair:1   | Reached ** piety under Cheibriados
 15989 | Lair:1   | Noticed a death yak
 16355 | Lair:2   | Noticed philipeq's ghost (journeyman DsFi)
 16361 | Lair:2   | Found a runed translucent door.
 17355 | Lair:2   | Learned a level 4 spell: Summon Ice Beast
 17360 | Lair:2   | Learned a level 4 spell: Summon Lightning Spire
 17364 | Lair:2   | Learned a level 3 spell: Mephitic Cloud
 17640 | Lair:2   | Found a staircase to the Shoals.
 18081 | Lair:3   | Noticed a boulder beetle
 18103 | Lair:3   | Killed a boulder beetle
 18190 | Lair:3   | Found a staircase to the Snake Pit.
 18250 | Lair:3   | Reached *** piety under Cheibriados
 18411 | Lair:3   | Reached XP level 13. HP: 98/98 MP: 16/26
 18961 | Lair:4   | Reached skill level 10 in Ice Magic
 19748 | Lair:4   | Reached **** piety under Cheibriados
 20209 | Lair:5   | Entered Level 5 of the Lair of Beasts
 20223 | Lair:5   | Found a viscous altar of Jiyva.
 20223 | Lair:5   | Found a staircase to the Slime Pits.
 20224 | Lair:5   | Upgraded the game from 0.31-a0-182-gc5ef74bbde to
                  | 0.31-a0-183-g4352c244c2
 20413 | Lair:5   | Reached skill level 10 in Spellcasting
 21353 | Lair:5   | Reached ***** piety under Cheibriados
 21470 | Lair:5   | Reached skill level 10 in Dodging
 21809 | Lair:5   | Reached skill level 10 in Stealth
 22027 | Lair:5   | Identified the +0 plate armour of Somewhere Else {Will++
                  | MP+9 Int+4}
 22184 | Lair:5   | Learned a level 5 spell: Irradiate
 22190 | Lair:5   | Learned a level 5 spell: Alistair's Intoxication
 22268 | Lair:5   | Reached XP level 14. HP: 108/108 MP: 21/28
 22316 | Lair:5   | Reached skill level 10 in Invocations
 22624 | Lair:5   | Reached ****** piety under Cheibriados
 24919 | D:13     | Found a gate to the Vaults.
 24934 | D:13     | Reached skill level 10 in Fighting
 24934 | D:13     | Reached skill level 10 in Short Blades
 24934 | D:13     | Reached skill level 10 in Long Blades
 24934 | D:13     | Reached skill level 10 in Axes
 24934 | D:13     | Reached skill level 10 in Maces & Flails
 24934 | D:13     | Reached skill level 10 in Polearms
 24934 | D:13     | Reached skill level 10 in Staves
 24934 | D:13     | Reached skill level 10 in Ranged Weapons
 24934 | D:13     | Reached skill level 10 in Throwing
 24934 | D:13     | Reached skill level 10 in Armour
 24934 | D:13     | Reached skill level 10 in Shields
 24934 | D:13     | Reached skill level 10 in Unarmed Combat
 24934 | D:13     | Reached skill level 10 in Evocations
 25545 | D:14     | Reached XP level 15. HP: 96/115 MP: 28/30
 26128 | D:14     | Identified Roxanne's Discursus on the Crater
 26128 | D:14     | Noticed Roxanne
 26711 | D:14     | Learned a level 6 spell: Plasma Beam
 26712 | D:15     | Entered Level 15 of the Dungeon
 27730 | D:15     | Found a staircase to the Depths.
 28313 | D:15     | Paralysed by an ogre mage for 5 turns
 28454 | D:15     | Found a shadowy altar of Dithmenos.
 28592 | D:15     | Identified the +0 leather armour of Amuap {rF- Dex+4 SInv}
 29418 | Snake:1  | Entered Level 1 of the Snake Pit
 31486 | Snake:2  | Identified the +1 mace of Joyful Slaughter {heavy, rC-
                  | Will+ Int+3}
 31626 | Snake:2  | Reached XP level 16. HP: 121/124 MP: 25/32
 31661 | Snake:2  | Found a transporter.
 31661 | Snake:2  | Noticed grizmgrazm2's ghost (adept AtWr)
 31782 | Snake:2  | You fall into a shaft and drop 1 floor!
 32396 | Snake:2  | Found a transporter.
 34271 | Snake:3  | Noticed Saint Roka
 34305 | Snake:3  | Killed Saint Roka
 35198 | Snake:4  | Entered Level 4 of the Snake Pit
 36379 | Snake:4  | Noticed a nagaraja
 36605 | Snake:4  | Identified the amulet of Akleh {-Tele Rampage rPois rN+++
                  | Regen+}
 36908 | Snake:4  | Found Gegoylae's Magic Scroll Shop.
 37059 | Snake:4  | Noticed a nagaraja
 37067 | Snake:4  | Killed a nagaraja
 37136 | Snake:4  | Noticed a nagaraja
 37142 | Snake:4  | Killed a nagaraja
 38087 | Snake:4  | Reached XP level 17. HP: 98/133 MP: 33/33
 38397 | Snake:4  | Reached skill level 10 in Conjurations
 38397 | Snake:4  | Reached skill level 10 in Hexes
 38397 | Snake:4  | Reached skill level 10 in Summonings
 38397 | Snake:4  | Reached skill level 10 in Necromancy
 38397 | Snake:4  | Reached skill level 10 in Translocations
 38397 | Snake:4  | Reached skill level 10 in Transmutations
 38397 | Snake:4  | Reached skill level 10 in Fire Magic
 38397 | Snake:4  | Reached skill level 10 in Air Magic
 38397 | Snake:4  | Reached skill level 10 in Earth Magic
 38397 | Snake:4  | Reached skill level 10 in Poison Magic
 39197 | Snake:4  | Got a serpentine rune of Zot
 39831 | Lair:5   | Learned a level 4 spell: Olgreb's Toxic Radiance
 39835 | Lair:5   | Learned a level 3 spell: Ignite Poison
 39960 | Shoals:1 | Entered Level 1 of the Shoals
 40387 | Shoals:1 | Noticed Donald
 40394 | Shoals:1 | Killed Donald
 43524 | Shoals:3 | Noticed Ilsuiw
 43536 | Shoals:3 | Killed Ilsuiw
 44520 | Shoals:3 | Reached XP level 18. HP: 141/141 MP: 35/35
 46136 | Shoals:4 | Entered Level 4 of the Shoals
 46136 | Shoals:4 | Found a burning altar of Makhleb.
 46968 | Shoals:4 | Noticed Aizul
 46978 | Shoals:4 | Killed Aizul
 48125 | Shoals:4 | Paralysed by an air elemental for 1 turns
 48366 | Shoals:4 | Found a sparkling altar of Nemelex Xobeh.
 48418 | Shoals:4 | Noticed Polyphemus
 48426 | Shoals:4 | Killed Polyphemus
 48555 | Shoals:4 | Paralysed by an air elemental for 1 turns
 48790 | Shoals:4 | Identified the amulet "Amuam" {-Tele rC- Regen+ MP+9 SInv}
 49675 | Shoals:4 | Noticed a titan
 49682 | Shoals:4 | Killed a titan
 49852 | Shoals:4 | Noticed Louise
 49859 | Shoals:4 | Killed Louise
 50027 | Shoals:4 | Got the Catalogue of Malediction
 50029 | Shoals:4 | Got a barnacled rune of Zot
 50030 | Shoals:4 | Identified the staff "Vaseeg" {rF+ rC+ rN+ Dex+4 Necro}
 50259 | Orc:1    | Entered Level 1 of the Orcish Mines
 50408 | Orc:1    | Found Vushricw's Antique Armour Emporium.
 51113 | Orc:1    | Found Readedei's Distillery.
 51184 | Orc:2    | Entered Level 2 of the Orcish Mines
 51406 | Orc:2    | Reached XP level 19. HP: 136/149 MP: 30/37
 51419 | Orc:2    | Found Ukurautz's General Store.
 51860 | Orc:2    | Found Lotrunk's Antique Weapon Emporium.
 51862 | Orc:2    | Found Ycoazeest's Jewellery Boutique.
 51871 | Orc:2    | Found Koich's Weapon Shoppe.
 52004 | Orc:2    | Found a staircase to the Elven Halls.
 52005 | Orc:2    | Noticed Sonja
 52009 | Orc:2    | Killed Sonja
 52253 | Elf:1    | Entered Level 1 of the Elven Halls
 52445 | Elf:1    | Found a magical portal.
 52450 | WizLab   | Entered Eringya's Formal Garden
 53063 | WizLab   | HP: 1/136 [centaur warrior/arrow (27)]
 53063 | WizLab   | Shot with an arrow by a centaur warrior

Illustrated notes

Levels and vault maps discovered:
D:1:      dpeg_arrival_more_subterranean_lakeside_camping, layout_rooms,
          shapermc_ecumenical_altar_rom_forum, minmay_pentomino_s4
D:2:      layout_loops_ring
D:3:      layout_rooms, nicolae_wu_jian_wuxing_cycle
D:4:      layout_gridville, nicolae_uskayaw_en_pointe, tgw_trog, uniq_pikel,
          uniq_ijyb
D:5:      layout_loops_ring, lemuel_blue_sif_altar, tgw_fedhas,
          minmay_temple_entry_overgrown
D:6:      layout_loops_cross, gammafunk_ghost_cemetery, minmay_three_doors,
          uniq_eustachio
D:7:      layout_basic
D:8:      layout_layer_cave, old_standard_altar, minmay_door_square
D:9:      layout_stronghold, minitemple, orc_0_dummy, grunt_decor_mini_mirrors,
          introduction_to_nature_1
D:10:     layout_basic, nicolae_overflow_hallway_of_the_gods,
          minmay_splitting_lines
D:11:     layout_irregular_city, grunt_lair_entry_orc_guard_hut, uniq_josephine
D:12:     layout_roguey
D:13:     layout_basic, grunt_vaults_entry_tiered
D:14:     layout_rooms, nicolae_lava_and_water, uniq_roxanne
D:15:     gammafunk_depths_entry_grave, layout_loops_corners,
          nicolae_dithmenos_shadow_blocks
Temple:   corrupted_temple
Lair:1:   layout_cave_pods, beast_lair_carwin_11, lemuel_fruit_tree
Lair:2:   layout_cave_pods, shoals_dummy_entry, hellmonk_ghost_happy_afterlife,
          infiniplex_staircase_pool, serial_bayou_shore_a
Lair:3:   layout_hall_layers, dummy_snake_entry, gauntlet_entry_generic,
          grunt_megastairs_1
Lair:4:   layout_roguey, grunt_forest_stairs_basic
Lair:5:   hangedman_lair_tendril_chambers, layout_loops_ring,
          hangedman_lair_caniforms_friends, slime_entry_1
Shoals:1: layout_shoals, uniq_donald
Shoals:2: layout_shoals, nicolae_shoals_cliffside_cave, nicolae_shoals_gull_way
Shoals:3: layout_shoals, nicolae_shoals_spectral_cove, uniq_ilsuiw
Shoals:4: shoals_end_hellmonk_storm_palace [storm_palace_center_square,
          storm_palace_corner_reverse_hut, storm_palace_corner_altar,
          storm_palace_corner_narrow, storm_palace_corner_altar],
          uniq_polyphemus, uniq_aizul, uniq_louise
Snake:1:  layout_misc_corridors, nicolae_snake_serpentine_hallways
Snake:2:  layout_rooms, gammafunk_ghost_berserking_beasts, special_room,
          nicolae_snake_gridmaze_spiral
Snake:3:  layout_cave_town, uniq_saint_roka
Snake:4:  snake_pit, layout_basic, serial_shops, nicolae_shop_window_shopping,
          nicolae_snake_yet_another_twisty_hallway
Orc:1:    nicolae_orc_accident_1, layout_caves, serial_shops,
          nicolae_shop_back_alley_shop, nicolae_shop_rolling_square, basic_altar
Orc:2:    st_orc_open, layout_diamond_mine, uniq_sonja
Elf:1:    eino_elf_arrival_the_gate, layout_gridlike, mu_enter_wizlab_1,
          serial_shops, nicolae_shop_tiny_glass, hangedman_elf_disciples,
          hangedman_glass_teeth
WizLab:   wizlab_eringya

Skill      XL: |  1  2  3  4  5  6  7  8  9 10 11 12 13 14 15 16 17 18 19 |
---------------+----------------------------------------------------------+-----
Spellcasting   | 5 6 7 8 9 10 11 12 13 14 | 14.3
Invocations    | 1 2 3 4 5 6 7 8 9 10 11 12 13 14 | 14.6
Fighting       | 1 2 3 5 6 7 8 9 10 11 12 13 | 13.4
Short Blades   | 1 2 3 5 6 7 8 9 10 11 12 13 | 13.4
Long Blades    | 1 2 3 5 6 7 8 9 10 11 12 13 | 13.4
Axes           | 1 2 3 5 6 7 8 9 10 11 12 13 | 13.4
Maces & Flails | 1 2 3 5 6 7 8 9 10 11 12 13 | 13.4
Polearms       | 1 2 3 5 6 7 8 9 10 11 12 13 | 13.4
Staves         | 1 2 3 5 6 7 8 9 10 11 12 13 | 13.4
Ranged Weapons | 1 2 3 5 6 7 8 9 10 11 12 13 | 13.4
Throwing       | 1 2 3 5 6 7 8 9 10 11 12 13 | 13.4
Armour         | 1 2 3 5 6 7 8 9 10 11 12 13 | 13.4
Shields        | 1 2 3 5 6 7 8 9 10 11 12 13 | 13.4
Unarmed Combat | 1 2 3 5 6 7 8 9 10 11 12 13 | 13.4
Evocations     | 1 2 3 5 6 7 8 9 10 11 12 13 | 13.4
Conjurations   | 1 2 3 4 5 6 7 8 9 10 11 | 11.4
Hexes          | 1 2 3 4 5 6 7 8 9 10 11 | 11.4
Summonings     | 1 2 3 4 5 6 7 8 9 10 11 | 11.4
Necromancy     | 1 2 3 4 5 6 7 8 9 10 11 | 11.4
Translocations | 1 2 3 4 5 6 7 8 9 10 11 | 11.4
Transmutations | 1 2 3 4 5 6 7 8 9 10 11 | 11.4
Fire Magic     | 1 2 3 4 5 6 7 8 9 10 11 | 11.4
Air Magic      | 1 2 3 4 5 6 7 8 9 10 11 | 11.4
Earth Magic    | 1 2 3 4 5 6 7 8 9 10 11 | 11.4
Poison Magic   | 1 2 3 4 5 6 7 8 9 10 11 | 11.4
Dodging        | 5 6 7 8 9 10 11 12 13 14 | 14.1
Stealth        | 5 6 7 8 9 10 11 12 13 14 | 14.0
Ice Magic      | 8 9 10 11 12 13 | 13.3

Action                     |  1- 3 |  4- 6 |  7- 9 | 10-12 | 13-15 | 16-18 | 19-21 || total
---------------------------+-------+-------+-------+-------+-------+-------+-------++-------
  Melee: Unarmed           |     6 |       |       |       |       |       |       ||     6
         Bite              |     2 |    13 |    18 |    75 |   106 |    73 |     9 ||   296
         Dagger            |     5 |    76 |    99 |   142 |    52 |       |       ||   374
         Staff             |     2 |    14 |    67 |   300 |   499 |   455 |    43 ||  1380
         Punch             |       |     1 |     3 |    26 |    56 |    48 |     4 ||   138
  Throw: Dart              |       |       |     5 |     8 |     3 |       |       ||    16
         Boomerang         |       |       |       |     5 |       |       |       ||     5
         Javelin           |       |       |       |       |     1 |     9 |       ||    10
   Cast: Freeze            |    44 |     9 |     4 |     8 |       |       |       ||    65
         Frozen Ramparts   |     7 |    20 |    31 |    72 |    69 |       |       ||   199
         Ozocubu's Armour  |       |     4 |    13 |    54 |    91 |    60 |     3 ||   225
         Mephitic Cloud    |       |       |       |     8 |       |       |       ||     8
         Summon Lightning  |       |       |       |     4 |    90 |   109 |     6 ||   209
         Summon Ice Beast  |       |       |       |     2 |     5 |       |       ||     7
         Irradiate         |       |       |       |       |    41 |    22 |       ||    63
         Plasma Beam       |       |       |       |       |     3 |    20 |     3 ||    26
         Alistair's Intoxi |       |       |       |       |     2 |    11 |     1 ||    14
         Olgreb's Toxic Ra |       |       |       |       |       |   163 |    29 ||   192
         Ignite Poison     |       |       |       |       |       |   121 |    27 ||   148
 Invoke: Temporal Distorti |       |       |       |       |     1 |       |       ||     1
  Evoke: Wand              |       |       |       |     2 |       |       |       ||     2
         Lightning rod     |       |       |       |       |       |     1 |       ||     1
    Use: Potion            |       |       |       |     5 |       |     5 |       ||    10
         Scroll            |       |       |       |    21 |     6 |     4 |     1 ||    32
   Stab: Sleeping          |     2 |     1 |     1 |     2 |     2 |     5 |       ||    13
         Distracted        |       |       |       |     2 |     9 |    12 |     1 ||    24
         Confused          |       |       |       |     1 |     3 |     1 |       ||     5
 Armour: Robe              |     4 |    37 |    64 |    79 |       |       |       ||   184
         Acid dragon scale |       |       |       |    90 |   202 |    90 |       ||   382
         Skin              |       |       |       |    13 |       |       |       ||    13
         Plate armour      |       |       |       |       |       |   182 |    15 ||   197
  Dodge: Dodged            |    42 |    44 |   115 |   318 |   662 |   559 |    34 ||  1774

Table legend: (Time is in decaauts)
 A = Elapsed time spent in this place.
 B = Non-inter-level travel time spent in this place.
 C = Inter-level travel time spent in this place.
 D = Time resting spent in this place.
 E = Time spent auto-exploring this place.
 F = Levels seen in this place.
 G = Mean time per level.
                   A        B        C        D        E       F      G
               +--------+--------+--------+--------+--------+-----+--------+
         Total |  65775 |  61971 |   3804 |  22082 |  27144 |  33 | 1993.2 |
       Dungeon |  23371 |  22432 |    939 |   6254 |  12427 |  15 | 1558.1 |
        Temple |     49 |     36 |     13 |      0 |     29 |   1 |   49.0 |
          Lair |  13121 |  11584 |   1537 |   3192 |   6287 |   5 | 2624.2 |
        Shoals |  12905 |  12453 |    452 |   6309 |   2979 |   4 | 3226.2 |
     Snake Pit |  12368 |  11546 |    822 |   5031 |   3755 |   4 | 3092.0 |
  Orcish Mines |   2931 |   2893 |     38 |    796 |   1667 |   2 | 1465.5 |
   Elven Halls |    282 |    282 |      0 |     82 |      0 |   1 |  282.0 |
        Wizlab |    745 |    745 |      0 |    417 |      0 |   1 |  745.0 |
               +--------+--------+--------+--------+--------+-----+--------+

Top non-repeatable levels by time:
Shoals:4: 4282 daAuts
 Snake:4: 4247 daAuts
  Lair:5: 4056 daAuts
 Snake:3: 3932 daAuts
Shoals:3: 3383 daAuts
    D:15: 2856 daAuts
Shoals:2: 2759 daAuts
  Lair:1: 2524 daAuts
Shoals:1: 2480 daAuts
 Snake:2: 2411 daAuts
  Lair:2: 2411 daAuts
    D:11: 2359 daAuts
  Lair:3: 2312 daAuts
    D:13: 2208 daAuts
    D:14: 2151 daAuts
